 Dungeon Crawl Stone Soup version 0.29.1-13-g9f3cf754e1 (webtiles) character file.

Game seed: 15187645881201907409

450 KyoPewz the Jinx (level 6, 0/25 HPs)
             Began as a Felid Enchanter on Feb 9, 2023.
             Was a Follower of Wu Jian.
             Slain by Edmund
             ... wielding a +3 flail of pain
              (2 damage)
             ... on level 4 of the Dungeon.
             The game lasted 00:14:34 (6913 turns).

KyoPewz the Jinx (Felid Enchanter)                  Turns: 6913, Time: 00:14:35

Health: 0/25       AC:  2    Str:  4    XL:     6   Next: 74%
Magic:  9/11       EV: 18    Int: 19    God:    Wu Jian [*.....]
Gold:   179        SH:  0    Dex: 16    Spells: 2/11 levels left
                                        Lives:  0   Deaths: 1

rFire   . . .      SeeInvis +     - Unarmed
rCold   . . .      Faith    .   (shield unavailable)
rNeg    . . .      Spirit   .   (body armour unavailable)
rPois   .          Reflect  .   (helmet unavailable)
rElec   .          Harm     .   (cloak unavailable)
rCorr   .          Rampage  .   (gloves unavailable)
Will    .....                   (boots unavailable)
Stlth   +++.......              (no amulet)
HPRegen 0.08/turn               (no ring)
MPRegen 0.12/turn               (no ring)

@: quick
A: very small, claws 1, fangs 3, see invisible, speed 1, shaggy fur 2, stealthy
paws, no weapons or thrown items, no armour, multi-lived
a: Renounce Religion


You were on level 4 of the Dungeon.
You worshipped Wu Jian.
Wu Jian was aware of your devotion.
You visited 1 branch of the dungeon, and saw 4 of its levels.

You collected 179 gold pieces.

Inventory:

Wands
 n - a wand of iceblast (11)
Scrolls
 b - 4 scrolls of teleportation
 e - a scroll of identify {unknown}
 f - a scroll of enchant armour {unknown}
 h - a scroll of summoning {unknown}
 i - a scroll of magic mapping {unknown}
 j - a scroll of vulnerability {unknown}
 m - a scroll of poison {unknown}
 o - a scroll of blinking {unknown}
Potions
 a - 2 potions of invisibility
 c - 3 potions of heal wounds {unknown}
 d - 2 potions of curing {unknown}
 g - 2 potions of degeneration {unknown}
 k - 2 potions of ambrosia {unknown}
 l - a potion of mutation {unknown}
 p - a potion of magic {unknown}


   Skills:
 - Level 1.1 Fighting
 - Level 3.4 Dodging
 - Level 5.0 Stealth
 - Level 2.0 Unarmed Combat
 - Level 3.0 Spellcasting
 + Level 8.0 Hexes
 - Level 3.0 Ice Magic


You had 2 spell levels left.
You knew the following spells:

 Your Spells              Type           Power      Damage    Failure   Level
a - Ensorcelled Hibernat  Hex/Ice        46%        N/A       2%          2
b - Tukima's Dance        Hex            33%        N/A       1%          3
c - Confusing Touch       Hex            33%        N/A       1%          3
d - Apportation           Tloc           4%         N/A       16%         1

Your spell library contained the following spells:

 Spells                   Type           Power      Damage    Failure   Level
 Necrotise                Necr           8%         1d4       16%         1
 Summon Small Mammal      Summ           8%         N/A       16%         1
 Static Discharge         Conj/Air       2%         3-4/arc   22%         2
 Dazzling Flash           Conj/Hex       36%        N/A       9%          3
 Dispel Undead            Necr           2%         3d7       83%         4
 Sticky Flame             Conj/Fire      2%         2d3       83%         4


Dungeon Overview and Level Annotations

Branches:
Dungeon (4/15)             Temple (0/1) D:4

Altars:
Ashenzari
Cheibriados
Makhleb
Wu Jian

Annotations:
D:4 Edmund


Innate Abilities, Weirdness & Mutations

You have sharp claws.
You have razor-sharp teeth.
You have supernaturally acute eyesight. (SInv)
You cover ground quickly. (Speed+)
You are covered in thick fur. (AC +2)
Your paws help you pounce on unaware monsters.
You are incapable of wielding weapons or throwing items.
You cannot wear armour.
You gain extra lives every three experience levels.


Message History

You claw the ball python!
You kill the ball python!
The Council accepts your kill.
No target in view!
g - 2 coppery potions (gained 1)
d - 2 ruby potions (gained 1)
Found a staircase to the Ecumenical Temple.
No target in view!
No target in view!
No target in view!
A hobgoblin comes into view.
A hobgoblin is nearby!
A hobgoblin is nearby!
Found a robe.
You pounce on the unaware helpless hobgoblin!
You mangle the hobgoblin!!
You kill the hobgoblin!
The Council accepts your kill.
No target in view!
No target in view!
Edmund the Younger comes into view.
He is wielding a +3 flail of pain and carrying a wand of flame (17).
You see here a +0 robe.
Edmund is nearby!
The helpless Edmund fails to defend himself.
You claw Edmund!
Edmund is moderately wounded.
Edmund hits you with a +3 flail of pain!
You scratch Edmund.
Edmund is moderately wounded.
Casting: Ensorcelled Hibernation (safe; 2% risk of failure)
Confirm with . or Enter, or press ? or * to list all spells.
Aiming: Ensorcelled Hibernation (safe; 2% risk of failure)
Press: ? - help, Shift-Dir - straight line, f - Edmund
Aim: Edmund, wielding a +3 flail of pain, wearing a +0 ring mail and carrying a wand of flame (17) (moderately wounded, chance to affect: 55%) Edmund resists with significant effort.
Edmund hits you with a +3 flail of pain!
Ouch! That really hurt!
* * * LOW HITPOINT WARNING * * *
You writhe in agony.
You die...

.#
.###.......###
#.# ....#
..#.#..# ##.#
###.# #..# #
.. .# #.## # #
.. #.# #
##.######.#
.......##.#
#..[..#
##@#### #@#
..# ...# ..#.#
...#.# ###...#
# ..#


You could see Edmund.

Vanquished Creatures
  An ogre (D:4)
  A phantom (D:4)
  A scorpion (D:4)
  2 hounds
  2 iguanas (D:4)
  Ijyb (D:3)
  3 gnolls (D:3)
  5 adders
  2 worms (D:2)
  3 dart slugs
  2 orcs
  4 bats
  7 endoplasms
  8 giant cockroaches
  4 hobgoblins
  2 jackals (D:3)
  9 kobolds
  8 quokkas
  4 ball pythons
  5 frilled lizards
  6 goblins
  3 rats
83 creatures vanquished.

Vanquished Creatures (others)
  2 dancing weapons (D:3)
2 creatures vanquished.

Grand Total: 85 creatures vanquished

Notes
Turn   | Place    | Note
-------+----------+-------------------------------------------
     0 | D:1      | KyoPewz the Felid Enchanter began the quest for the Orb.
     0 | D:1      | Reached XP level 1. HP: 7/7 MP: 4/4
   178 | D:1      | Reached XP level 2. HP: 12/12 MP: 6/6
   181 | D:1      | Learned a level 2 spell: Ensorcelled Hibernation
  1678 | D:2      | Reached XP level 3. HP: 15/15 MP: 7/7
  1863 | D:2      | Found a burning altar of Makhleb.
  2400 | D:2      | Reached skill level 1 in Fighting
  2927 | D:2      | Reached XP level 4. HP: 19/19 MP: 0/8
  3376 | D:3      | Learned a level 3 spell: Tukima's Dance
  3584 | D:3      | Reached skill level 5 in Hexes
  3861 | D:3      | Found an ornate altar of the Wu Jian Council.
  3880 | D:3      | Became a worshipper of the Wu Jian Council
  4105 | D:3      | Learned a level 3 spell: Confusing Touch
  4152 | D:3      | Noticed Ijyb
  4176 | D:3      | Killed from afar by Ijyb
  4177 | D:3      | Reached XP level 3. HP: -7/15 MP: 0/7
  4473 | D:3      | Reached XP level 4. HP: 19/19 MP: 9/9
  4652 | D:3      | Reached skill level 5 in Stealth
  4746 | D:3      | Killed Ijyb
  4747 | D:3      | Reached skill level 1 in Ice Magic
  5237 | D:3      | Learned a level 1 spell: Apportation
  5260 | D:4      | Noticed a phantom
  5297 | D:4      | Reached XP level 5. HP: 22/22 MP: 10/10
  5417 | D:4      | Reached skill level 6 in Hexes
  5778 | D:4      | Killed a phantom
  5779 | D:4      | Gained mutation: You are covered in thick fur. (AC +2)
                  | [Felid growth]
  5779 | D:4      | Reached XP level 6. HP: 5/25 MP: 9/11
  6236 | D:4      | Reached skill level 7 in Hexes
  6280 | D:4      | Reached * piety under Wu Jian
  6515 | D:4      | Found a snail-covered altar of Cheibriados.
  6515 | D:4      | Found a broken altar of Ashenzari.
  6582 | D:4      | Reached skill level 8 in Hexes
  6881 | D:4      | Found a staircase to the Ecumenical Temple.
  6909 | D:4      | Noticed Edmund
  6913 | D:4      | Slain by Edmund

Illustrated notes

Levels and vault maps discovered:
D:1:      lightli_arrival_windingriver, layout_loops_ring, feat_on_display
D:2:      layout_loops_corners, basic_altar, corexii_hall_statues_u
D:3:      layout_basic, mainiacjoe_overflow_paths, chequers_decorated_corner,
          uniq_ijyb
D:4:      minmay_wonky_spiral, layout_loops_ring, amcnicky_altar_gilded,
          gammafunk_temple_overflow_wave, minmay_temple_entry_sparse_star,
          st_stairs_1, minmay_misc_feat_ornament, minmay_fountain_box,
          kennysheep_nondescript, palyth_stone_intersect, uniq_edmund

Skill      XL: |  1  2  3  4  5  6 |
---------------+-------------------+-----
Dodging        | 3 |  3.4
Fighting       | 1 |  1.1
Unarmed Combat | 2 |  2.0
Hexes          | 5 6 8 |  8.0
Stealth        | 5 |  5.0
Ice Magic      | 1 2 3 |  3.0
Spellcasting   | 3 |  3.0

Action                   |  1- 3 |  4- 6 || total
-------------------------+-------+-------++-------
Melee: Unarmed           |   166 |   149 ||   315
       Bite              |     9 |    15 ||    24
       Punch             |     3 |     4 ||     7
 Cast: Ensorcelled Hiber |    14 |    19 ||    33
       Tukima's Dance    |       |     4 ||     4
       Confusing Touch   |       |     4 ||     4
Invok: Lunge             |     1 |     8 ||     9
  Use: Scroll            |       |     1 ||     1
 Stab: Sleeping          |    23 |    21 ||    44
       Confused          |       |     5 ||     5
Armor: Skin              |     4 |     7 ||    11
Dodge: Dodged            |   122 |   125 ||   247
